 Dungeon Crawl Stone Soup version 0.28.0-53-g5a82cb258f (webtiles) character file.

Game seed: 3276214576991270559

2461 Peloso the Carver (level 9, -3/78 HPs)
             Began as a Minotaur Fighter on July 24, 2022.
             Was an Initiate of Okawaru.
             Killed from afar by a raiju (6 damage)
             ... with a living lightning
             ... on level 1 of the Abyss.
             The game lasted 00:12:05 (6468 turns).

Peloso the Carver (Minotaur Fighter)                Turns: 6468, Time: 00:12:05

Health: -3/78      AC: 16    Str: 24    XL:     9   Next: 26%
Magic:  8/8        EV: 11    Int:  5    God:    Okawaru [......]
Gold:   265        SH:  5    Dex: 11    Spells: 8/8 levels left

rFire   . . .      SeeInvis .   a - +0 long sword (protect)
rCold   . . .      Faith    .   c - +0 buckler
rNeg    . . .      Spirit   .   h - +3 scale mail
rPois   .          Reflect  .   (helmet restricted)
rElec   .          Harm     .   v - +0 cloak
rCorr   .          Rampage  .   (no gloves)
Will    .....                   (no boots)
Stlth   ..........              (no amulet)
HPRegen 0.00/turn               j - +4 ring of protection
MPRegen 0.11/turn               (no ring)

@: about to teleport, sick, slowed, very slow
A: horns 2, retaliatory headbutt
a: Renounce Religion


You were on level 1 of the Abyss.
You worshipped Okawaru.
Okawaru was noncommittal.
You visited 2 branches of the dungeon, and saw 7 of its levels.
You visited the Abyss 1 time.
You also visited: Ossuary.

You collected 265 gold pieces.

Inventory:

Hand Weapons
 a - a +0 long sword of protection (weapon)
 b - a +2 hunting sling of flaming
Armour
 c - a +0 buckler (worn)
 h - a +3 scale mail (worn)
 v - a +0 cloak (worn)
Jewellery
 j - a +4 ring of protection (left hand)
 u - a +4 ring of evasion
Wands
 m - a wand of polymorph (10)
 y - a wand of flame (3)
Scrolls
 f - a scroll of vulnerability
 g - 2 scrolls of amnesia
 i - 2 scrolls of blinking
 q - a scroll of fear
 t - a scroll of teleportation
 w - a scroll of noise {unknown}
 x - a scroll of enchant armour {unknown}
Potions
 d - a potion of might
 e - a potion of flight
 k - a potion of cancellation {unknown}
 l - a potion of lignification {unknown}
 n - a potion of resistance
 p - 2 potions of magic {unknown}
 r - a potion of mutation {unknown}
 s - a potion of haste {unknown}
 z - a potion of heal wounds {unknown}
 A - a potion of curing
 B - a potion of attraction {unknown}


   Skills:
 + Level 6.8 Fighting
 + Level 9.7 Long Blades
 + Level 8.3 Armour
 + Level 3.8 Dodging
 + Level 0.6 Stealth
 + Level 6.2 Shields
 + Level 0.2 Unarmed Combat


You had 8 spell levels left.
You didn't know any spells.
Your spell library contained the following spells:

 Spells                   Type           Power      Damage    Failure   Level
 Summon Small Mammal      Summ           Unusable   N/A       N/A         1
 Call Canine Familiar     Summ           Unusable   N/A       N/A         3
 Summon Guardian Golem    Hex/Summ       Unusable   N/A       N/A         3
 Summon Forest            Summ/Tloc      Unusable   N/A       N/A         5
 Summon Mana Viper        Hex/Summ       Unusable   N/A       N/A         5
 Summon Cactus Giant      Summ           Unusable   N/A       N/A         6

Dungeon Overview and Level Annotations

Branches:
Dungeon (6/15)             Temple (1/1) D:6         Ossuary (visited)

Altars:
Dithmenos
Fedhas
Nemelex Xobeh
Okawaru
Sif Muna
The Shining One
Lugonu

Portals:
Abyss: D:5


Innate Abilities, Weirdness & Mutations

You have a pair of horns on your head.
You reflexively headbutt those who attack you in melee.


Message History

Your weapon exudes an aura of protection.
The quasit is moderately wounded.
The quasit barely misses you.
The quasit claws you but does no damage.
The quasit closely misses you.
An apocalypse crab comes into view.
You hit the quasit. Your headbutt misses the quasit.
The quasit is heavily wounded.
The quasit closely misses you. You furiously retaliate!
You headbutt the quasit!
You kill the quasit!
That felt strangely unrewarding.
Unknown command.
Unknown command.
The apocalypse crab breathes chaos at you.
The blast of chaos misses you.
You are engulfed in seething chaos.
A raiju comes into view.
The raiju barks!
You hear a bark!
The apocalypse crab breathes chaos at you.
The blast of chaos misses you.
You are engulfed in seething chaos.
You feel yourself slow down.
You are engulfed in seething chaos.
The raiju bites you but does no damage.
As you read the scroll of teleportation, it crumbles to dust.
You feel strangely unstable.
You feel the power of the Abyss delaying your translocation!
The raiju bites you.
* * * LOW HITPOINT WARNING * * *
The raiju shocks you!
* * * LOW HITPOINT WARNING * * *
A raiju comes into view.
The will-o-the-wisp gives a chilling moan.
A worldbinder comes into view.
The raiju bites you but does no damage. The raiju barely misses you.
The worldbinder moves out of view.
You block the raiju's attack.
The raiju bursts into living lightning!
The living lightning hits you.
You die... .. # xv.

.### .#... ##....
....#. ##..#.#
.....##..#..#
#..#.@..# ...#
#..h#.#
#....th##..#
#..##....#.##
....#...#..# ##
##..#....##..#.#
#.....#...ยง....#
#...####........
##......#.##..##


You could see an apocalypse crab and 2 raiju.

Vanquished Creatures
  An ancient zyme (Abyss:1)
  2 blink frogs (Abyss:1)
  Eustachio (D:4)
  Duvessa (D:4)
  2 water moccasins (D:6)
  3 ice beasts
  A sky beast (D:5)
  A black bear (D:4)
  3 ogres
  2 phantoms
  2 bullfrogs
  A scorpion (D:3)
  A water moccasin skeleton (D:6)
  Dowan (D:4)
  3 centaur zombies (Ossuary)
  A quasit (Abyss:1)
  4 hounds (D:5)
  Crazy Yiuf (D:3)
  4 human zombies (Ossuary)
  A gnoll shaman (D:4)
  Terence (D:3)
  3 iguanas
  Ijyb (D:2)
  Natasha (twice) (D:2)
  An orc wizard (D:4)
  A hound skeleton (D:5)
  2 mummies (Ossuary)
  A howler monkey zombie (D:4)
  5 gnolls (D:4)
  9 adders
  2 white imps
  An ufetubus (D:4)
  An adder skeleton (D:4)
  An adder zombie (Ossuary)
  A worm (D:3)
  5 orcs
  5 endoplasms
  4 giant cockroaches
  3 goblins
  9 hobgoblins
  5 kobolds
  4 quokkas
  8 ball pythons
  3 bats
  7 frilled lizards
  10 hobgoblin zombies (Ossuary)
  8 kobold zombies (Ossuary)
  8 orc zombies (Ossuary)
  5 rats
  3 rat zombies (Ossuary)
155 creatures vanquished.

Notes
Turn   | Place    | Note
-------+----------+-------------------------------------------
     0 | D:1      | Peloso the Minotaur Fighter began the quest for the Orb.
     0 | D:1      | Reached XP level 1. HP: 19/19 MP: 0/0
   398 | D:1      | Reached XP level 2. HP: 24/27 MP: 1/1
  1080 | D:2      | Reached XP level 3. HP: 33/33 MP: 2/2
  1338 | D:2      | Noticed Natasha
  1342 | D:2      | Killed Natasha
  1343 | D:2      | Reached skill level 3 in Long Blades
  1537 | D:3      | Noticed Terence
  1544 | D:3      | Killed Terence
  1545 | D:3      | Reached XP level 4. HP: 19/41 MP: 3/3
  1550 | D:3      | Identified the +0 ring mail of the Orb Guardian {rC- Dex+9}
  1554 | D:3      | Noticed a scorpion
  1748 | D:3      | Killed a scorpion
  1749 | D:3      | Reached skill level 5 in Armour
  1749 | D:3      | Reached XP level 5. HP: 30/47 MP: 4/4
  1822 | D:3      | Reached skill level 5 in Fighting
  2119 | D:3      | Noticed Ijyb
  2153 | D:2      | Noticed Natasha
  2162 | D:2      | Killed Natasha
  2369 | D:2      | Killed Ijyb
  2370 | D:2      | Reached skill level 4 in Long Blades
  2401 | D:3      | Noticed an ice beast
  2416 | D:3      | Killed an ice beast
  2417 | D:3      | Reached skill level 1 in Dodging
  2417 | D:3      | Reached XP level 6. HP: 38/56 MP: 5/5
  2573 | D:3      | Found a runed translucent door.
  2574 | D:3      | Noticed Crazy Yiuf
  2795 | D:3      | Killed Crazy Yiuf
  2997 | D:4      | Reached skill level 5 in Long Blades
  2997 | D:4      | Reached XP level 7. HP: 19/61 MP: 6/6
  3035 | D:4      | Found a sand-covered staircase.
  3124 | Ossuary  | Entered an ossuary
  3515 | Ossuary  | Reached skill level 6 in Long Blades
  3696 | D:4      | Noticed Dowan
  3697 | D:4      | Noticed Duvessa
  3713 | D:4      | Killed Duvessa
  3802 | D:4      | Killed Dowan
  3803 | D:4      | Reached XP level 8. HP: 58/70 MP: 7/7
  3908 | D:4      | Reached skill level 7 in Long Blades
  4151 | D:4      | Reached skill level 5 in Shields
  4172 | D:4      | Noticed Eustachio
  4197 | D:4      | Killed Eustachio
  4458 | D:5      | Entered Level 5 of the Dungeon
  4500 | D:5      | Reached skill level 8 in Long Blades
  4649 | D:5      | Found a large runed translucent door.
  4649 | D:5      | Found a large runed translucent door.
  5175 | D:5      | Found a corrupted altar of Lugonu.
  5273 | D:6      | Reached skill level 9 in Long Blades
  5285 | D:6      | Reached XP level 9. HP: 66/78 MP: 8/8
  5755 | D:6      | Found a staircase to the Ecumenical Temple.
  5924 | Temple   | Entered the Ecumenical Temple
  6003 | Temple   | Became a worshipper of Warmaster Okawaru
  6081 | D:5      | Found a one-way gate to the infinite horrors of the Abyss.
  6116 | D:5      | Identified the +10 rapier of Midsummer {distort, rF+ rN++}
  6247 | D:5      | Cast into level 1 of the Abyss (kobold)
  6282 | Abyss:1  | Noticed an ancient zyme
  6389 | Abyss:1  | Noticed an ancient zyme
  6408 | Abyss:1  | Killed an ancient zyme
  6451 | Abyss:1  | Noticed an apocalypse crab
  6465 | Abyss:1  | HP: 3/78 [raiju (9)]
  6466 | Abyss:1  | Noticed a will-o-the-wisp
  6466 | Abyss:1  | Noticed a worldbinder
  6468 | Abyss:1  | Killed from afar by a raiju

Illustrated notes

Levels and vault maps discovered:
D:1:      heliophobic_arrival_ceremonial_halls, layout_rooms
D:2:      layout_loops_ring, lemuel_old_faithful, uniq_natasha
D:3:      layout_rooms, uniq_crazy_yiuf_cottage, uniq_ijyb, uniq_terence
D:4:      layout_rooms, lightli_ossuary_entry_decrepit_ruins,
          kennysheep_cross_bottleneck, uniq_eustachio, uniq_duvessa
D:5:      due_chaos_kobolds, layout_gridville, grunt_ministairs_15
D:6:      layout_loops_ring, temple_green
Temple:   roderic_octagonal_lattice_temple
Abyss:1:  base: D:5, abyss_greek_temple, gammafunk_corrupted_shrine

Skill      XL: |  1  2  3  4  5  6  7  8  9 |
---------------+----------------------------+-----
Armour         | 4 5 6 7 8 |  8.3
Fighting       | 4 5 6 |  6.8
Long Blades    | 3 4 5 6 9 |  9.7
Shields        | 4 5 6 |  6.2
Dodging        | 1 2 3 |  3.8
Stealth        | |  0.6
Unarmed Combat | |  0.2

Action                   |  1- 3 |  4- 6 |  7- 9 || total
-------------------------+-------+-------+-------++-------
Melee: Long sword        |    84 |    96 |   327 ||   507
       Headbutt          |    11 |    17 |    57 ||    85
       Unarmed           |       |    10 |       ||    10
  Use: Potion            |       |     3 |       ||     3
       Scroll            |       |     4 |     9 ||    13
Armor: Scale mail        |    29 |    79 |   197 ||   305
       Chain mail        |    20 |       |       ||    20
Dodge: Dodged            |    32 |    75 |   153 ||   260
Block: Buckler           |    27 |    31 |    80 ||   138
